 Dungeon Crawl Stone Soup version 0.31-a0-1237-gabc64e778c (webtiles) character file.

Game seed: 2094882507830596556

699 Maratek the Trooper (level 7, 0/56 HPs)
             Began as a Demonspawn Fighter on Dec 15, 2023.
             Slain by Edmund
             ... wielding a +1 dire flail of holy wrath
              (8 damage)
             ... on level 5 of the Dungeon.
             The game lasted 00:05:43 (3025 turns).

Maratek the Trooper (Demonspawn Fighter)            Turns: 3025, Time: 00:05:45

Health: 0/56       AC: 10    Str: 16    XL:     7   Next: 38%
Magic:  7/7        EV:  9    Int: 10    God:
Gold:   275        SH:  5    Dex: 13    Spells: 6/6 levels left

rFire   . . .        a - +0 war axe
rCold   . . .        c - +0 buckler
rNeg    . . .        b - +1 scale mail
rPois   .            (helmet restricted)
rElec   .            (no cloak)
rCorr   .            q - +0 pair of gloves
SInv    .            f - +0 pair of boots
Will    .....        i - amulet of magic regeneration Stlth
                     (no ring)
HPRegen 0.29/turn    (no ring)
MPRegen 0.50/turn

%: no passive effects
@: mighty, hasted, very quick
A: horns 2, foul stench 1
a: no special abilities


You were on level 5 of the Dungeon.
You visited 1 branch of the dungeon, and saw 5 of its levels.

You collected 275 gold pieces.

Inventory:

Hand Weapons
 a - a +0 war axe (weapon)
Armour
 b - a +1 scale mail (worn)
 c - a +0 buckler (worn)
 f - a +0 pair of boots (worn)
 q - a +0 pair of gloves (worn)
Jewellery
 i - an amulet of magic regeneration (around neck)
Scrolls
 n - a scroll of fog
Potions
 e - a potion of magic
 h - a potion of brilliance
 k - a potion of resistance {unknown}
 l - 2 potions of heal wounds {unknown}
 m - 3 potions of curing {unknown}
 o - a potion of berserk rage {unknown}
 p - a potion of ambrosia {unknown}


   Skills:
 + Level 5.0 Fighting
 + Level 4.0 Axes
 + Level 4.5 Armour
 + Level 4.5 Shields


You had 6 spell levels left.
You didn't know any spells.
Your spell library contained the following spells:

 Spells                   Type           Power      Damage    Failure   Level
 Magic Dart               Conj           0%         1d3       86%         1
 Summon Small Mammal      Summ           0%         N/A       86%         1
 Searing Ray              Conj           0%         2d4       94%         2
 Call Canine Familiar     Summ           0%         N/A       99%         3
 Frozen Ramparts          Ice            0%         1d1       99%         3
 Inner Flame              Hex/Fire       0%         N/A       99%         3
 Summon Guardian Golem    Hex/Summ       0%         N/A       99%         3
 Tukima's Dance           Hex            0%         N/A       99%         3
 Dimensional Bullseye     Hex/Tloc       0%         N/A       100%        4
 Fulminant Prism          Conj/Hex       0%         3d5       100%        4
 Iskenderun's Mystic Bla  Conj/Tloc      0%         2d3       100%        4
 Petrify                  Tmut/Erth      0%         N/A       100%        4
 Metabolic Englaciation   Hex/Ice        0%         N/A       100%        5
 Yara's Violent Unravell  Hex/Tmut       0%         3d3       100%        5
 Enfeeble                 Hex            0%         N/A       100%        7


Dungeon Overview and Level Annotations

Branches:
Dungeon (5/15)
 Temple: D:4-7

Altars:

Shops:
D:1 ?[??

Annotations:
D:5 Edmund


Innate Abilities, Weirdness & Mutations

You have a pair of horns on your head.
You may rarely emit foul miasma when damaged in melee.


Message History

Edmund hits you with a +1 dire flail of holy wrath.
You convulse.
Eustachio barely misses you. The river rat completely misses you.
You feel very mighty all of a sudden. The bat completely misses you.
The bat hits you but does no damage. The bat closely misses you.
Eustachio gestures wildly while chanting.
Edmund says, "I'm quite good with sums, too."
Edmund barely misses you.
You barely miss Edmund. Your headbutt misses Edmund.
Edmund is heavily wounded.
You barely miss Eustachio. You closely miss the river rat. You slash the bat!
You kill the bat!
The bat's corpse disappears in a puff of smoke!
You slash the bat!
You kill the bat!
The bat's corpse disappears in a puff of smoke!
The river rat misses you.
You hit Edmund but do no damage.
Edmund is heavily wounded.
You slash Eustachio! You barely miss the river rat. Edmund misses you.
Eustachio barely misses you. The river rat bites you.
You barely miss Edmund. You headbutt Edmund!
Edmund is severely wounded.
You closely miss the bat. You barely miss the river rat. You slash Eustachio!
You kill Eustachio!
The bat disappears in a puff of smoke!
The river rat disappears in a puff of smoke!
Edmund hits you with a +1 dire flail of holy wrath.
* * * LOW HITPOINT WARNING * * *
You convulse.
* * * LOW HITPOINT WARNING * * *
Your Fighting skill increases to level 5!
Your Axes skill increases to level 4!
You slash Edmund!
Edmund is almost dead.
Edmund hits you with a +1 dire flail of holy wrath!
* * * LOW HITPOINT WARNING * * *
You convulse!
You die...
Edmund whines, "They better pay attention to me now!"

##..###.. #.......#
#.......# #.....[.#
##.......##
.......§..##.#
.....§§.§....# .
..$..§@@§# #..
......§.§# !...
.......§§##..#
...###.#....># ..
##.#.##### #
#......# ########
#####....#.#
#......#
#......#.#.#
....?..###.####.#.#
#


You could see Edmund.

Vanquished Creatures
  Eustachio (D:5)
  A water moccasin (D:5)
  An ogre (D:4)
  A phantom (D:5)
  A scorpion (D:4)
  A hound (D:4)
  A jelly (D:5)
  2 orc priests (D:4)
  Terence (D:3)
  4 adders
  2 dart slugs
  4 orcs (D:4)
  8 ball pythons
  6 endoplasms
  A giant cockroach (D:4)
  3 goblins
  6 hobgoblins
  4 jackals (D:1)
  7 kobolds
  A quokka (D:3)
  3 bats
  2 frilled lizards (D:3)
  6 rats
67 creatures vanquished.

Notes
Turn   | Place    | Note
-------+----------+-------------------------------------------
     0 | D:1      | Maratek the Demonspawn Fighter began the quest for the Orb.
     0 | D:1      | Reached XP level 1. HP: 18/18 MP: 1/1
    49 | D:1      | Found Hautt's Magic Scroll Shoppe.
   116 | D:1      | You fall into a shaft and drop 1 floor!
   238 | D:1      | Found Sej Secs's Magic Scroll Shoppe.
   285 | D:1      | Found Xiupiq's Antique Armour Emporium.
   327 | D:1      | Found Unetor's Magic Scroll Emporium.
   583 | D:1      | Gained mutation: You may rarely emit foul miasma when
                  | damaged in melee. [demonic ancestry]
   583 | D:1      | Reached XP level 2. HP: 24/24 MP: 2/2
  1198 | D:2      | Reached XP level 3. HP: 25/29 MP: 3/3
  1941 | D:3      | Noticed Terence
  1949 | D:3      | Killed Terence
  1950 | D:3      | Reached XP level 4. HP: 34/36 MP: 4/4
  2193 | D:3      | Found a faded altar of an unknown god.
  2285 | D:4      | Noticed a scorpion
  2297 | D:4      | Killed a scorpion
  2298 | D:4      | Gained mutation: You have a pair of small horns on your
                  | head. [demonic ancestry]
  2298 | D:4      | Reached XP level 5. HP: 42/42 MP: 5/5
  2305 | D:4      | Reached skill level 4 in Fighting
  2310 | D:4      | HP: 2/42 [orc/boomerang (3)]
  2668 | D:4      | Noticed an ogre
  2679 | D:4      | Killed an ogre
  2680 | D:4      | Reached XP level 6. HP: 32/49 MP: 6/6
  2886 | D:5      | Entered Level 5 of the Dungeon
  2886 | D:5      | Noticed a water moccasin
  2905 | D:5      | Killed a water moccasin
  2906 | D:5      | Gained mutation: You have a pair of horns on your head.
                  | [demonic ancestry]
  2906 | D:5      | Reached XP level 7. HP: 33/55 MP: 7/7
  3008 | D:5      | Noticed Eustachio
  3010 | D:5      | Noticed Edmund
  3024 | D:5      | Killed Eustachio
  3025 | D:5      | Reached skill level 5 in Fighting
  3025 | D:5      | Slain by Edmund

Illustrated notes

Levels and vault maps discovered:
D:1:      giann_forest_graveyard, layout_loops_corners, serial_shops,
          nicolae_shop_rolling_square, shop_scrolls, nicolae_shop_peninsula,
          nicolae_shop_window_shopping
D:2:      layout_loops_ring, grunt_decor_clamped
D:3:      layout_basic, dreamdust_ecumenical_altar_sealed_demon, uniq_terence
D:4:      layout_rooms
D:5:      layout_basic, minmay_temple_entry_mini_moons, fountainhead,
          uniq_sigmund, uniq_eustachio, uniq_edmund

Skill      XL: |  1  2  3  4  5  6  7 |
---------------+----------------------+-----
Axes           | 2 3 4 |  4.0
Armour         | 3 4 |  4.5
Shields        | 3 4 |  4.5
Fighting       | 4 5 |  5.0

Action                     |  1- 3 |  4- 6 |  7- 9 || total
---------------------------+-------+-------+-------++-------
  Melee: War axe           |   122 |   104 |    11 ||   237
         Headbutt          |       |     9 |     1 ||    10
    Use: Scroll            |     7 |     4 |       ||    11
         Potion            |       |     3 |     2 ||     5
 Armour: Scale mail        |   114 |    66 |    35 ||   215
  Dodge: Dodged            |    58 |    61 |    19 ||   138
  Block: Buckler           |    33 |    38 |    10 ||    81

Table legend: (Time is in decaauts)
 A = Elapsed time spent in this place.
 B = Non-inter-level travel time spent in this place.
 C = Inter-level travel time spent in this place.
 D = Time resting spent in this place.
 E = Time spent auto-exploring this place.
 F = Levels seen in this place.
 G = Mean time per level.
                   A        B        C        D        E       F      G
               +--------+--------+--------+--------+--------+-----+--------+
         Total |   3103 |   3035 |     68 |    288 |   2157 |   5 |  620.6 |
       Dungeon |   3103 |   3035 |     68 |    288 |   2157 |   5 |  620.6 |
               +--------+--------+--------+--------+--------+-----+--------+

Top non-repeatable levels by time:
     D:1: 1047 daAuts
     D:2: 839 daAuts
     D:4: 649 daAuts
     D:3: 436 daAuts
     D:5: 130 daAuts
